 Dungeon Crawl Stone Soup version 0.25-a0-1137-g7f6bfe439b (webtiles) character file.

Game seed: 5951647401806205693, levelgen mode: deterministic

15811 vurker the Frost Mage (level 12, -7/58 HPs)
             Began as a Felid Ice Elementalist on May 23, 2020.
             Was an Elder of Vehumet.
             Mangled by a black mamba (9 damage)
             ... on level 5 of the Lair of Beasts.
             The game lasted 00:57:34 (27512 turns).

vurker the Frost Mage (Felid Ice Elementalist)     Turns: 27512, Time: 00:57:35

Health: -7/58      AC:  3    Str:  4    XL:     12   Next: 4%
Magic:  35/38      EV: 21    Int: 22    God:    Vehumet [****..]
Gold:   930        SH:  0    Dex: 16    Spells: 24/35 levels left
                                        Lives:  0   Deaths: 3

rFire    x . .     SeeInvis +   (weapon unavailable)
rCold    + + .     Gourm    .   (shield unavailable)
rNeg     . . .     Faith    .   (armour unavailable)
rPois    .         Spirit   .   (helmet unavailable)
rElec    .         Reflect  .   (cloak unavailable)
rCorr    .         Harm     .   (gloves unavailable)
MR       +....                  (boots unavailable)
Stlth    ++++......             r - amulet of the acrobat
HPRegen  0.19/turn              y - ring of ice
MPRegen  0.26/turn              w - ring of magical power

@: frozen ramparts, quick
A: very small, no armour, no weapons or thrown items, stealth, claws 1, fangs 3,
see invisible, carnivore, speed 1, shaggy fur 3, slow metabolism 1, sharp paws
a: Renounce Religion


You were on level 5 of the Lair of Beasts.
You worshipped Vehumet.
Vehumet was greatly pleased with you.
You were very full.

You visited 3 branches of the dungeon, and saw 18 of its levels.
You also visited: Ossuary.

You collected 1075 gold pieces.
You spent 145 gold pieces at shops.

Inventory:

Jewellery
 l - a +6 ring of strength
   (You found it on level 3 of the Dungeon)
 r - an amulet of the acrobat (around neck)
   (You found it on level 8 of the Dungeon)
 w - a ring of magical power (right paw)
   (You found it in an ossuary)
 y - a ring of ice (left paw)
   (You found it on level 9 of the Dungeon)
 D - an uncursed ring of positive energy
   (You found it on level 3 of the Lair of Beasts)
 G - an uncursed ring of wizardry
   (You found it on level 3 of the Lair of Beasts)
Wands
 b - a wand of clouds (6)
   (You found it on level 8 of the Dungeon)
 d - a wand of iceblast (17)
   (You found it on level 1 of the Lair of Beasts)
 t - a wand of flame (22)
   (You took it off a big kobold on level 9 of the Dungeon)
 u - a wand of paralysis (1)
   (You took it off Maurice on level 9 of the Dungeon)
 v - a wand of digging (1)
   (You found it on level 5 of the Dungeon)
 x - a wand of acid (9)
   (You found it on level 1 of the Lair of Beasts)
 L - a wand of polymorph (9)
   (You found it on level 5 of the Lair of Beasts)
Scrolls
 a - 8 scrolls of immolation
 c - 6 scrolls of magic mapping
 g - 11 scrolls of remove curse
 i - 15 scrolls of teleportation
 m - 5 scrolls of fear {unknown}
 n - 2 scrolls of noise {unknown}
 o - 9 scrolls of amnesia
 p - a scroll of blinking {unknown}
 q - 3 scrolls of fog {unknown}
 A - 3 scrolls of random uselessness {unknown}
 F - 2 scrolls of summoning {unknown}
 H - a scroll of vulnerability {unknown}
Potions
 f - a potion of flight
 h - 5 potions of lignification
 j - 3 potions of haste
 k - 6 potions of curing
 s - a potion of ambrosia
 z - 3 potions of heal wounds
 B - a potion of magic {unknown}
 C - 2 potions of invisibility
 E - 2 potions of brilliance
 I - a potion of mutation
Comestibles
 e - 37 rations


   Skills:
 + Level 10.2 Fighting
 + Level 5.6 Dodging
 + Level 5.7 Stealth
 + Level 12.1 Spellcasting
 * Level 13.4 Ice Magic


You had 24 spell levels left.
You knew the following spells:

 Your Spells              Type           Power        Failure   Level  Hunger
a - Freeze                Ice            ####         0%          1    None
b - Frozen Ramparts       Ice            ######       1%          3    None
c - Hailstorm             Conj/Ice       ######..     1%          4    None
q - Ozocubu's Armour      Chrm/Ice       ######..     1%          3    None

Your spell library contained the following spells:

 Spells                   Type           Power        Failure   Level  Hunger
 Fireball                 Conj/Fire      ##........   32%         5    ####...
 Shock                    Conj/Air       ##..         1%          1    None
 Summon Ice Beast         Ice/Summ       ######..     3%          4    None
 Static Discharge         Conj/Air       ##......     4%          3    None
 Swiftness                Chrm/Air       ##......     8%          2    None
 Airstrike                Air            ##........   13%         4    None
 Lightning Bolt           Conj/Air       ##........   32%         5    ####...


Dungeon Overview and Level Annotations

Branches:
Dungeon (11/15)            Temple (1/1) D:4            Lair (6/6) D:10
  Swamp (0/4) Lair:2       Spider (0/4) Lair:3        Slime (0/5) Lair:5
Ossuary (visited)
    Orc: D:9-12

Altars:
Ashenzari
Cheibriados
Dithmenos
Elyvilon
Fedhas
Gozag
Hepliaklqana
Kikubaaqudgha
Makhleb
Nemelex Xobeh
Okawaru
Qazlal
Ru
Sif Muna
Trog
Uskayaw
Vehumet
Wu Jian
Xom
Yredelemnul
Zin
The Shining One
Jiyva

Shops:
D:7 [(*[   D:9 %   D:10 [

Annotations:
D:11 exclusion: centaur
Lair:6 Rupert


Innate Abilities, Weirdness & Mutations

You cannot wear armour.
You are incapable of wielding weapons or throwing items.
Your paws allow you to move quietly. (Stealth)
You have sharp claws.
You have razor-sharp teeth.
You have supernaturally acute eyesight. (SInv)
You are carnivorous and can eat meat at any time.
You cover ground quickly.
Your thick and shaggy fur keeps you warm. (AC +3, rC+)
You have a slow metabolism.
Your sharp claws are effective at attacking unaware monsters.


Message History

The polar bear growls angrily.
The black mamba bites you. The dream sheep bites you. x2
The black mamba closely misses you. The dream sheep closely misses you.
The dream sheep shake their wool and sparkle.
You feel drowsy...
You fall asleep.
The dream sheep bites you!
You wake up.
The black mamba closely misses you.
There is a stone staircase leading up, spattered with blood here.
Unknown command.
Unknown command.
Unknown command.
The black mamba bites you but does no damage.
The dream sheep bites you. x2
* * * LOW HITPOINT WARNING * * *
The dream sheep misses you.
You climb upwards.
There is a stone staircase leading down, spattered with blood here.
Unknown command.
Unknown command.
Unknown command.
Unknown command.
Unknown command.
Unknown command.
Unknown command.
Unknown command.
Unknown command.
Unknown command.
Unknown command.
Unknown command.
Unknown command.
The black mamba misses you. The black mamba completely misses you.
The dream sheep closely misses you.
The dream sheep misses you. x2; The black mamba closely misses you.
You scratch the plant but do no damage. You bite the plant.
The black mamba completely misses you.
The dream sheep shake their wool and sparkle.
You feel drowsy...
You fall asleep.
The black mamba misses you. The black mamba bites you!
You wake up.
* * * LOW HITPOINT WARNING * * *
Unknown command.
The dream sheep completely misses you. The black mamba bites you!
* * * LOW HITPOINT WARNING * * *
The dream sheep bites the plant but does no damage.
The black mamba completely misses you.
The dream sheep bites the plant!
You see here the felid skeleton of vurker.
You feel a surge of power!
The walls around you are covered in ice.
The wall freezes the black mamba.
The black mamba bites you!
You die...

#..######...#.#.##.>.......#.###.
..................._.............
#................................
...............#.P.##............
#............<.........#........#
#.........................P###..#
#.......................>........
#................................
#...#.##..#....P@#...............
...##.#...#...#.SPY.>............
#.........รท.....Y.Y..............
.................................
#.##.##..........................
#..#####.#.......................
...####.###......................
.<.##..##.#......................
#...............................<


You could see a black mamba and 3 dream sheep.

Vanquished Creatures
  Erolcha (D:11)
  2 two-headed ogres
  3 death yaks (Lair:4)
  3 unseen horrors
  Pikel (D:4)
  Maurice (D:9)
  2 black mambas
  Joseph (Lair:1)
  Maggie (D:9)
  2 komodo dragons
  8 spiny frogs
  A rime drake (Lair:3)
  4 trolls
  2 hornets
  A jumping spider (Lair:3)
  5 hippogriffs
  7 blink frogs
  2 bog bodies (Lair:2)
  14 dream sheep (Lair:5)
  A shadow (D:11)
  2 wraiths
  21 yaks
  A wyvern (D:10)
  A basilisk (Lair:3)
  Eustachio (D:6)
  4 vampire mosquitoes (Lair:4)
  A soldier ant (D:10)
  An acid dragon (D:11)
  An insubstantial wisp (Lair:4)
  6 water moccasins
  6 porcupines
  An ice beast (D:6)
  An eye of draining (D:10)
  3 phantoms
  A slave (D:4)
  3 black bears
  2 sky beasts
  18 wolves
  6 centaurs
  8 ogres
  9 crocodiles
  4 big kobolds
  Blork the orc (D:4)
  8 bullfrogs
  A wyvern zombie (D:10)
  2 scorpions
  2 water moccasin skeletons
  A killer bee (D:9)
  6 wights
  A howler monkey (D:8)
  2 crimson imps
  3 bullfrog zombies
  8 hounds
  2 centaur zombies
  An orc priest (D:9)
  A bullfrog skeleton (D:6)
  5 jellies
  2 quasits (D:11)
  Crazy Yiuf (D:2)
  Natasha (twice) (D:4)
  2 hell rats (Lair:5)
  4 iguanas
  7 worker ants
  3 orc wizards
  A hound zombie (Ossuary)
  A hound skeleton (D:9)
  13 mummies (Ossuary)
  A howler monkey skeleton (D:10)
  A howler monkey zombie (Ossuary)
  3 worker ant zombies
  13 adders
  7 river rats (Lair:5)
  A shadow imp (D:8)
  2 oozes
  3 adder zombies (Ossuary)
  2 adder skeletons
  6 worms
  3 dart slugs
  6 leopard geckos
  16 orcs
  3 ball pythons
  4 giant cockroaches
  6 goblins
  5 hobgoblins
  A jackal (D:6)
  8 quokkas
  8 bats
  4 frilled lizards
  2 jackal skeletons
  22 kobolds
  2 leopard gecko zombies
  2 quokka zombies (Ossuary)
  6 rats
  4 fungi
  6 plants
390 creatures vanquished.

Vanquished Creatures (others)
  Natasha (D:4)
  A bush (Lair:5)
  3 fungi
  5 plants
10 creatures vanquished.

Grand Total: 400 creatures vanquished

Notes
Turn   | Place    | Note
-------+----------+-------------------------------------------
     0 | D:1      | vurker the Felid Ice Elementalist began the quest for the
                  | Orb.
     0 | D:1      | Reached XP level 1. HP: 7/7 MP: 4/4
   997 | D:1      | Reached XP level 2. HP: 12/12 MP: 4/6
  1471 | D:2      | Reached skill level 4 in Ice Magic
  1568 | D:2      | Reached skill level 1 in Fighting
  1618 | D:2      | Reached XP level 3. HP: 15/15 MP: 5/7
  1713 | D:2      | Learned a level 3 spell: Frozen Ramparts
  1717 | D:2      | Learned a level 3 spell: Ozocubu's Armour
  2086 | D:2      | Found a runed translucent door.
  2087 | D:2      | Noticed Crazy Yiuf
  2180 | D:2      | Reached XP level 4. HP: 14/19 MP: 5/9
  2521 | D:2      | Killed Crazy Yiuf
  2672 | D:3      | Reached XP level 5. HP: 22/22 MP: 6/10
  3641 | D:4      | Noticed Pikel
  3641 | D:4      | Noticed a slave
  3641 | D:4      | Noticed a slave
  3755 | D:4      | Found a glowing golden altar of the Shining One.
  3827 | D:4      | Noticed Blork the orc
  3867 | D:4      | Killed Blork the orc
  3867 | D:4      | Gained mutation: You are covered in thick fur. (AC +2)
                  | [Felid growth]
  3867 | D:4      | Reached XP level 6. HP: 9/26 MP: 6/12
  4433 | D:4      | Found a staircase to the Ecumenical Temple.
  4440 | D:4      | Noticed a slave
  4441 | D:4      | Noticed a slave
  4445 | Temple   | Entered the Ecumenical Temple
  4712 | D:4      | Killed a slave
  4799 | D:4      | Killed Pikel
  4799 | D:4      | Reached skill level 5 in Stealth
  4799 | D:4      | Reached skill level 5 in Ice Magic
  4799 | D:4      | Reached XP level 7. HP: 30/30 MP: 7/14
  4836 | D:4      | Noticed Natasha
  4853 | D:4      | Killed Natasha
  4905 | D:4      | Noticed Natasha
  4929 | D:4      | Killed Natasha
  5015 | D:4      | Noticed Natasha
  5022 | D:4      | Killed Natasha
  5710 | D:5      | Entered Level 5 of the Dungeon
  6030 | D:5      | Reached skill level 5 in Dodging
  6035 | D:5      | Reached skill level 5 in Spellcasting
  6035 | D:5      | Reached skill level 6 in Ice Magic
  6035 | D:5      | Reached XP level 8. HP: 31/34 MP: 10/16
  6078 | D:5      | Found a hide-covered altar of Uskayaw.
  6079 | D:5      | Found a hazy altar of Hepliaklqana.
  6081 | D:5      | Found an opulent altar of Gozag.
  6085 | D:5      | Found an ornate altar of the Wu Jian Council.
  6086 | D:5      | Found an ancient bone altar of Kikubaaqudgha.
  6086 | D:5      | Found a burning altar of Makhleb.
  6086 | D:5      | Found a stormy altar of Qazlal.
  6087 | D:5      | Found a bloodstained altar of Trog.
  6088 | D:5      | Found an iron altar of Okawaru.
  6091 | D:5      | Found a blossoming altar of Fedhas.
  6428 | D:5      | Found a glowing silver altar of Zin.
  6717 | D:6      | Noticed Eustachio
  6764 | D:6      | Killed Eustachio
  6922 | D:6      | Reached skill level 7 in Ice Magic
  8244 | D:6      | Reached XP level 9. HP: 35/39 MP: 14/19
  9291 | D:7      | Found Roqaumik's Armour Boutique.
  9601 | D:6      | Reached skill level 5 in Fighting
  9859 | D:7      | Found Ritsol's Armour Boutique.
  9963 | D:7      | Found a radiant altar of Vehumet.
 10424 | D:7      | Became a worshipper of Vehumet
 10553 | D:7      | HP: 2/40 [phantom (10)]
 10559 | D:7      | Slain by a phantom
 10560 | D:7      | Reached XP level 8. HP: -2/37 MP: 10/19
 10597 | D:7      | Noticed a hornet
 10605 | D:7      | Paralysed by a hornet for 3 turns
 10608 | D:7      | Killed a hornet
 10608 | D:7      | Reached skill level 8 in Ice Magic
 10850 | D:7      | Found Oha Cug's Assorted Antiques.
 10852 | D:7      | Found Anoroagu's Antique Weapon Emporium.
 10875 | D:7      | Bought a scroll of identify for 58 gold pieces
 10875 | D:7      | Bought a scroll of identify for 58 gold pieces
 10875 | D:7      | Bought a scroll labeled DOTWUR XINIBEE for 29 gold pieces
 10888 | D:7      | Found a bloodstained altar of Trog.
 11414 | D:8      | Found a sand-covered staircase.
 11418 | D:8      | Noticed a hippogriff
 11430 | D:8      | Noticed a two-headed ogre
 11433 | D:8      | Killed a hippogriff
 11475 | D:8      | Killed a two-headed ogre
 11475 | D:8      | Reached XP level 9. HP: 41/41 MP: 17/22
 11483 | Ossuary  | Entered an ossuary
 12490 | Ossuary  | Reached skill level 9 in Ice Magic
 12942 | D:8      | Mangled by a yak
 12943 | D:8      | Reached XP level 8. HP: -8/38 MP: 28/30
 13117 | D:8      | Reached XP level 9. HP: 7/42 MP: 22/22
 13989 | D:9      | Noticed Maurice
 14229 | D:7      | Reached * piety under Vehumet
 14229 | D:7      | Offered knowledge of Foxfire by Vehumet.
 14431 | D:7      | Learned a level 4 spell: Hailstorm
 14907 | D:9      | Noticed a troll
 14924 | D:9      | Killed a troll
 15154 | D:9      | Noticed a troll
 15221 | D:9      | Killed a troll
 15308 | D:9      | Noticed Maggie
 15330 | D:9      | Killed Maggie
 15466 | D:9      | Found Duymutae's Food Shoppe.
 15520 | D:9      | Reached skill level 10 in Ice Magic
 15544 | D:9      | Killed Maurice
 15544 | D:9      | Reached XP level 10. HP: 44/47 MP: 15/24
 15755 | D:9      | Reached ** piety under Vehumet
 15991 | D:10     | Entered Level 10 of the Dungeon
 16003 | D:10     | Offered knowledge of Sandblast by Vehumet.
 16110 | D:10     | Noticed an unseen horror
 16121 | D:10     | Killed an unseen horror
 16297 | D:10     | Found Harchynn's Armour Emporium.
 16479 | D:10     | Reached skill level 10 in Spellcasting
 16735 | D:10     | Noticed a two-headed ogre
 16763 | D:10     | Killed a two-headed ogre
 17111 | D:10     | Found a staircase to the Lair.
 17570 | D:10     | Found a shimmering altar of Xom.
 17699 | D:11     | Found a shimmering altar of Xom.
 18135 | D:11     | Noticed an unseen horror
 18141 | D:11     | Killed an unseen horror
 18141 | D:11     | Reached XP level 11. HP: 41/51 MP: 26/26
 18235 | D:11     | Noticed Erolcha
 18247 | D:11     | Killed Erolcha
 18247 | D:11     | Reached skill level 11 in Ice Magic
 18317 | D:11     | Noticed an unseen horror
 18323 | D:11     | Killed an unseen horror
 18383 | D:11     | Offered knowledge of Conjure Flame by Vehumet.
 19395 | Lair:1   | Entered Level 1 of the Lair of Beasts
 19648 | Lair:1   | Noticed Joseph
 19670 | Lair:1   | Killed Joseph
 19784 | Lair:1   | Reached *** piety under Vehumet
 20915 | Lair:2   | Found a staircase to the Swamp.
 21343 | Lair:2   | You fall into a shaft and drop 1 floor!
 21381 | Lair:3   | Offered knowledge of Dazzling Flash by Vehumet.
 21714 | Lair:2   | Reached skill level 12 in Ice Magic
 22434 | Lair:3   | Found a hole to the Spider Nest.
 22442 | Lair:3   | Gained mutation: Your thick and shaggy fur keeps you warm.
                  | (AC +3, rC+) [Felid growth]
 22442 | Lair:3   | Reached XP level 12. HP: 57/57 MP: 28/28
 22784 | Lair:3   | Reached **** piety under Vehumet
 23253 | Lair:4   | Noticed a death yak
 23253 | Lair:4   | Noticed a death yak
 23255 | Lair:4   | Noticed a death yak
 23276 | Lair:4   | Killed a death yak
 23277 | Lair:4   | Killed a death yak
 23589 | Lair:4   | Offered knowledge of Fireball by Vehumet.
 23758 | Lair:4   | Killed a death yak
 23964 | Lair:4   | Reached skill level 13 in Ice Magic
 25047 | Lair:5   | Found a staircase to the Slime Pits.
 25257 | Lair:5   | Reached skill level 10 in Fighting
 25775 | Lair:5   | Found a viscous altar of Jiyva.
 26952 | Lair:6   | Entered Level 6 of the Lair of Beasts
 26952 | Lair:6   | Noticed a seven-headed hydra
 26953 | Lair:6   | Noticed a death yak
 27109 | Lair:6   | Noticed Rupert
 27402 | Lair:5   | Annihilated by a dream sheep
 27403 | Lair:5   | Reached XP level 11. HP: -27/54 MP: 34/37
 27418 | Lair:5   | Reached XP level 12. HP: 46/58 MP: 29/29
 27509 | Lair:5   | HP: 2/58 [black mamba (10)]
 27512 | Lair:5   | Mangled by a black mamba

Illustrated notes

Levels and vault maps discovered:
D:1:      minmay_arrival_doors, layout_basic
D:2:      layout_loops_corners, uniq_crazy_yiuf_cottage
D:3:      layout_rooms, skrybe_limestone_x, minmay_close_crescents
D:4:      minmay_spotlight, layout_basic, minmay_temple_entry_trees,
          first_ration, tso_metal_star, uniq_pikel, uniq_natasha,
          uniq_blork_the_orc
D:5:      layout_rooms, kennysheep_mini, minitemple
D:6:      layout_loops_corners, minmay_starry_boxes, uniq_eustachio
D:7:      layout_cave_pools, kennysheep_mini_moat, serial_shops, shop,
          nicolae_shop_overgrown_old_shop, shop, shop, bloody_trog
D:8:      layout_gridville, lightli_ossuary_entry_decrepit_ruins
D:9:      kennysheep_spiral_hall, layout_gridville, serial_shops, shop_coins,
          blue_anna_alchemist [blue_anna_fruit_fields, blue_anna_fruit_fields],
          uniq_maurice, uniq_maggie
D:10:     layout_long_grid, dpeg_oklobed_lair, basic_altar, serial_shops, shop
D:11:     layout_long_grid, basic_altar, kb_lookout_dungeons_type,
          kennysheep_generic_room_3, uniq_erolcha
Temple:   dpeg_chambers_temple
Lair:1:   layout_chaotic_city, st_stairs_9, uniq_joseph
Lair:2:   layout_misc_corridors, skrybe_swamp_entry_bodies
Lair:3:   layout_loops_ring, spider_nest_entry_a, st_stairs_13,
          minmay_lindwurm_lava
Lair:4:   layout_roguey, pond
Lair:5:   layout_long_grid, slime_altar_1, kennysheep_rathole
Lair:6:   gammafunk_lair_ancient_temple, layout_misc_corridors,
          grunt_megastairs_2, minmay_lair_oklob_chamber, uniq_rupert, uniq_sonja

Skill      XL: |  1  2  3  4  5  6  7  8  9 10 11 12 |
---------------+-------------------------------------+-----
Ice Magic      | 4 5 6 8 10 12 13 | 13.4
Fighting       | 1 2 3 4 7 9 10 | 10.2
Stealth        | 3 4 5 |  5.7
Dodging        | 3 4 5 |  5.6
Spellcasting   | 3 4 5 8 9 10 11 12 | 12.1

Action                   |  1- 3 |  4- 6 |  7- 9 | 10-12 || total
-------------------------+-------+-------+-------+-------++-------
Melee: Unarmed           |    15 |    27 |   219 |   303 ||   564
       Bite              |     1 |     1 |    22 |    50 ||    74
 Cast: Freeze            |    46 |    47 |   343 |   215 ||   651
       Frozen Ramparts   |       |    14 |   126 |    74 ||   214
       Hailstorm         |       |       |    16 |   141 ||   157
       Ozocubu's Armour  |       |       |     1 |     1 ||     2
Evoke: Wand              |       |       |     9 |    11 ||    20
  Use: Scroll            |       |     7 |     8 |     4 ||    19
       Potion            |       |       |     1 |     1 ||     2
 Stab: Sleeping          |     6 |     7 |     5 |     1 ||    19
       Paralysed         |       |       |       |     1 ||     1
  Eat: Chunk             |    10 |     5 |    25 |    28 ||    68
Armor: Skin              |     2 |     1 |    24 |    15 ||    42
Dodge: Dodged            |    45 |    49 |   440 |   263 ||   797

Table legend:
 A = Non-vault XP
 B = Vault XP
 C = Vault XP percentage of total XP
 D = Non-vault monster count
 E = Vault monster count
 F = Vault count percentage of total count
                 A         B        C        D         E       F
            +---------+---------+-------+---------+---------+-------
      Total |   36217 |    6725 |  15.7 |     308 |      71 |  18.7
            +---------+---------+-------+---------+---------+-------
        D:1 |      24 |       0 |   0.0 |      11 |       0 |   0.0
        D:2 |     103 |      40 |  28.0 |      21 |       1 |   4.5
        D:3 |     119 |      11 |   8.5 |      25 |       4 |  13.8
        D:4 |     186 |     783 |  80.8 |      12 |       7 |  36.8
        D:5 |     671 |       0 |   0.0 |      18 |       0 |   0.0
        D:6 |     974 |     377 |  27.9 |      13 |       5 |  27.8
        D:7 |     959 |       0 |   0.0 |      14 |       0 |   0.0
        D:8 |    2863 |       0 |   0.0 |      27 |       0 |   0.0
        D:9 |    1399 |    1423 |  50.4 |      25 |       6 |  19.4
       D:10 |    3457 |       0 |   0.0 |      21 |       0 |   0.0
       D:11 |    3141 |     997 |  24.1 |      23 |       1 |   4.2
     Lair:1 |    1942 |     675 |  25.8 |      10 |       3 |  23.1
     Lair:2 |    1814 |     506 |  21.8 |      12 |       2 |  14.3
     Lair:3 |    4937 |     283 |   5.4 |      20 |       1 |   4.8
     Lair:4 |    6480 |     870 |  11.8 |      25 |       5 |  16.7
     Lair:5 |    7148 |     165 |   2.3 |      31 |      11 |  26.2
    Ossuary |       0 |     595 | 100.0 |       0 |      25 | 100.0
            +---------+---------+-------+---------+---------+-------
